 Dungeon Crawl Stone Soup version 0.24-b1 (webtiles) character file.

Game seed: 12955472731670359082, levelgen mode: deterministic

203 Froggeryz the Cutter (level 6, 0/40 HPs)
             Began as a Kobold Chaos Knight on Oct 12, 2019.
             Was a Plaything of Xom.
             Succumbed to Crazy Yiuf's poison
             ... on level 3 of the Dungeon on Oct 13, 2019.
             The game lasted 00:06:51 (2863 turns).

Froggeryz the Cutter (Kobold Chaos Knight)          Turns: 2863, Time: 00:06:52

Health: 0/40       AC: 11    Str:  4 (6)  XL:     6   Next: 8%
Magic:  6/6        EV: 14    Int: 10 (13) God:    Xom [..*...]
Gold:   236        SH:  0    Dex: 13 (15) Spells: 5/5 levels left

rFire    . . .     SeeInvis .   u - +1 short sword (holy)
rCold    . . .     Gourm    .   (shield restricted)
rNeg     . . .     Faith    .   b - +2 leather armour
rPois    .         Spirit   .   e - +0 helmet
rElec    .         Reflect  .   (no cloak)
rCorr    .         Harm     .   p - +0 pair of gloves
MR       .....                  g - +0 pair of boots
Stlth    +.........             (no amulet)
HPRegen  0.13/turn              f - +3 ring of protection
MPRegen  0.10/turn              r - -5 ring of strength (curse)

@: lethally poisoned (0 -> -3)
A: small, carnivore
a: Renounce Religion


You were on level 3 of the Dungeon.
You worshipped Xom.
You were a toy of Xom.
You were completely stuffed.

You visited 1 branch of the dungeon, and saw 3 of its levels.

You collected 236 gold pieces.

Inventory:

Hand Weapons
 a - a +0 short sword of chaos
 d - a +0 falchion of electrocution
 u - a +1 short sword of holy wrath (weapon)
Armour
 b - a +2 leather armour (worn)
 e - a +0 helmet (worn)
 g - a +0 pair of boots (worn)
 p - a +0 pair of gloves (worn)
Jewellery
 f - a +3 ring of protection (left hand)
 r - a cursed -5 ring of strength (right hand)
Scrolls
 h - a scroll of magic mapping {unknown}
 i - 3 scrolls of remove curse {unknown}
 k - 2 scrolls of amnesia
 l - 2 scrolls of identify
 n - a scroll of enchant armour {unknown}
 o - a scroll of enchant weapon {unknown}
 t - a scroll of blinking
Comestibles
 c - 8 rations


   Skills:
 + Level 4.8 Fighting
 * Level 7.1 Short Blades
 - Level 0.7 Armour
 - Level 2.4 Dodging


You had 5 spell levels left.
You didn't know any spells.
Your spell library was empty.

Dungeon Overview and Level Annotations

Branches:
Dungeon (3/15)

Altars:
Qazlal
Vehumet
The Shining One


Innate Abilities, Weirdness & Mutations

You are small and have problems with some larger weapons.
You are carnivorous and can eat meat at any time.


Message History

You feel sick.
As you read the scroll labeled NILOEL COIRCHE, it crumbles to dust.
It is a scroll of identify.
t - a scroll of blinking
* * * LOW HITPOINT WARNING * * *
You feel sick.
As you read the scroll labeled YQAOFR HIRAA, it crumbles to dust.
The scroll dissolves into smoke.
It was a scroll of fog.
As you read the scroll labeled URO WOKELE, it crumbles to dust.
You assume a fearsome visage.
Nothing appears to happen.
It was a scroll of fear.
* * * LOW HITPOINT WARNING * * *
You feel sick.
Okay, then.
You aren't carrying any potions.
You eat one of the 9 rations.
That ration really hit the spot!
* * * LOW HITPOINT WARNING * * *
You feel sick.
You die...
Xom laughs nastily!

#........###....#####.#
#######..# #....# #.#
#########..# ♣PP.P♣ #.#
#..........# ♣..P♣♣ #.#
#.########## ♣♣.♣♣ #.#
#.# #.# ♣.♣♣ #.# #.#
#.# ♣♣§♣ #.# #.# #.#
♣§♣♣ #.# #.########.#
♣♣@♣ #.# ..........>#
#§# #.# #.#######..#
§§§ #.# #.#######..#
#...# #.# #...(......#
#..)# #.# ##.........#
##### #.########
#......#### #........#
#......# ###
##############.#
##.######## #.# #.....#
#†#


There were no monsters in sight!

Vanquished Creatures
  Crazy Yiuf (D:3)
  An orc priest (D:3)
  Ijyb (D:3)
  Terence (D:3)
  Robin (D:3)
  2 adders (D:3)
  A worm (D:2)
  2 dart slugs (D:1)
  A leopard gecko (D:3)
  9 orcs
  3 bats
  4 goblins (D:3)
  11 hobgoblins
  4 kobolds
  A quokka (D:3)
  2 ball pythons
  A frilled lizard (D:3)
  A leopard gecko zombie (D:3)
  3 rats (D:3)
  A fungus (D:3)
51 creatures vanquished.

Notes
Turn   | Place    | Note
-------+----------+-------------------------------------------
     0 | D:1      | Froggeryz the Kobold Chaos Knight began the quest for the
                  | Orb.
     0 | D:1      | Reached XP level 1. HP: 14/14 MP: 1/1
    52 | D:1      | XOM: harmless Tmut miscast
   120 | D:1      | XOM: polymorph goblin -> ball python
   156 | D:1      | Reached XP level 2. HP: 19/19 MP: 2/2
   214 | D:1      | XOM: mild Necr miscast
   227 | D:1      | Reached skill level 5 in Short Blades
   608 | D:1      | XOM: divination: magic mapping
   938 | D:2      | Noticed an air elemental
   951 | D:2      | Found a stormy altar of Qazlal.
   954 | D:2      | Noticed a water elemental
   954 | D:2      | Noticed a fire elemental
   954 | D:2      | Noticed an earth elemental
  1272 | D:2      | XOM is BORED!
  1272 | D:2      | XOM: silly message
  1301 | D:2      | Found a radiant altar of Vehumet.
  1301 | D:2      | Found a glowing golden altar of the Shining One.
  1307 | D:2      | Reached XP level 3. HP: 21/23 MP: 3/3
  1429 | D:2      | XOM: mild Tloc miscast
  1705 | D:3      | Noticed Robin
  1728 | D:3      | Killed Robin
  1728 | D:3      | HP: 1/34 [hobgoblin/+0 club[Robin] (2)]
  1730 | D:3      | Reached XP level 4. HP: 8/29 MP: 4/4
  2054 | D:3      | Noticed Ijyb
  2077 | D:3      | Reached skill level 6 in Short Blades
  2125 | D:3      | Killed Ijyb
  2218 | D:3      | Noticed Terence
  2232 | D:3      | Killed Terence
  2232 | D:3      | Reached XP level 5. HP: 24/34 MP: 5/5
  2278 | D:3      | XOM: potion effect (heal wounds)
  2835 | D:3      | Found a runed translucent door.
  2836 | D:3      | Noticed Crazy Yiuf
  2851 | D:3      | Killed Crazy Yiuf
  2851 | D:3      | Reached skill level 7 in Short Blades
  2851 | D:3      | Reached XP level 6. HP: 6/40 MP: 6/6
  2856 | D:3      | HP: 2/40 [poisoned by Crazy Yiuf]
  2861 | D:3      | HP: 1/40 [poisoned by Crazy Yiuf]
  2863 | D:3      | Succumbed to Crazy Yiuf's poison

Skill      XL: |  1  2  3  4  5 |
---------------+----------------+-----
Short Blades   | 5 6 7 |  7.1
Fighting       | 4 |  4.8
Armour         | |  0.7
Dodging        | |  2.4

Action                   |  1- 3 |  4- 6 || total
-------------------------+-------+-------++-------
Melee: Short sword       |   103 |   169 ||   272
       Unarmed           |       |    12 ||    12
  Use: Potion            |     2 |     4 ||     6
       Scroll            |       |     4 ||     4
  Eat: Chunk             |    11 |     2 ||    13
       Ration            |       |     1 ||     1
Armor: Leather armour    |    25 |    37 ||    62
       Skin              |    40 |    23 ||    63
Dodge: Dodged            |    62 |    68 ||   130
